 Dungeon Crawl Stone Soup version 0.27-b1-41-gafb5482f4b (webtiles) character file.

Game seed: 11939210357234428488

173 Brandom the Chucker (level 5, 0/41 HPs)
             Began as a Human Hunter on July 28, 2021.
             Killed by nerve-wracking pain
             ... invoked by Grinder
              (6 damage)
             ... on level 4 of the Dungeon.
             The game lasted 00:08:29 (5273 turns).

Brandom the Chucker (Human Hunter)                  Turns: 5273, Time: 00:08:30

Health: 0/41       AC:  4    Str: 12 (14) XL:     5   Next: 83%
Magic:  5/5        EV: 12    Int:  8 (11) God:
Gold:   132        SH:  0    Dex: 12 (13) Spells: 4/4 levels left

rFire    . . .     SeeInvis .   a - +0 short sword
rCold    . . .     Faith    .   (no shield)
rNeg     . . .     Spirit   .   b - +0 leather armour
rPois    .         Reflect  .   q - +0 helmet
rElec    .         Harm     .   (no cloak)
rCorr    .         Rampage  .   (no gloves)
Will     .....                  (no boots)
Stlth    +.........             (no amulet)
HPRegen  0.13/turn              i - ring of flight
MPRegen  0.09/turn              (no ring)

@: flying
A: no striking features
a: no special abilities


You were on level 4 of the Dungeon.
You visited 1 branch of the dungeon, and saw 4 of its levels.

You collected 132 gold pieces.

Inventory:

Hand Weapons
 a - a +0 short sword (weapon)
Missiles
 d - a throwing net (quivered) {!f}
 o - 3 boomerangs
Armour
 b - a +0 leather armour (worn)
 q - a +0 helmet (worn)
   (You found it on level 3 of the Dungeon)
Jewellery
 i - a ring of flight (left hand)
   (You found it on level 1 of the Dungeon)
Scrolls
 f - 2 scrolls of noise {unknown}
 j - a scroll of identify {unknown}
 k - a scroll of blinking {unknown}
 m - a scroll of immolation {!r}
 n - a scroll of fog {unknown}
 p - a scroll of enchant weapon {unknown}
 s - a scroll of holy word {unknown}
Potions
 e - a potion of degeneration {!q}
 g - a potion of attraction {unknown}
 h - a potion of berserk rage {unknown}
 l - a potion of invisibility {unknown}
 r - a potion of mutation {unknown}


   Skills:
 + Level 3.5 Fighting
 + Level 5.0 Throwing
 + Level 3.5 Dodging
 - Level 1.0 Stealth


You had 4 spell levels left.
You didn't know any spells.
Your spell library contained the following spells:

 Spells                   Type           Power      Damage    Failure   Level
 Animate Skeleton         Necr           0%         N/A       50%         1
 Pain                     Necr           0%         1d4       50%         1
 Vampiric Draining        Necr           0%         2d6       86%         3


Dungeon Overview and Level Annotations

Branches:
Dungeon (4/15)
 Temple: D:4-7

Altars:
Beogh

Annotations:
D:4 Grinder


Message History

Aim: Grinder, carrying a wand of flame (8) (57% to hit)
You throw a javelin. The javelin pierces through Grinder!
Throw: 3 javelins
Aim: Grinder, carrying a wand of flame (8) (moderately wounded, 57% to hit)
You throw a javelin. The javelin pierces through Grinder!
Grinder gestures at you.
You suddenly lose the ability to move!
Grinder gestures at you.
You shrug off the repeated paralysis!
Grinder gestures at you. Pain shoots through your body!
Grinder zaps a wand.
The puff of flame hits you!
* * * LOW HITPOINT WARNING * * *
You can move again.
It was a potion of degeneration.
There was something very wrong with that liquid.
You feel weakened.
You feel dopey.
You feel clumsy.
e - a potion of degeneration;
f - 2 scrolls labelled ZAEL ELEGED Grinder gestures at you.
You resist with significant effort.
Throw: 2 javelins
Aim: Grinder, carrying a wand of flame (7) (heavily wounded, 57% to hit)
You throw a javelin. The javelin pierces through Grinder.
Grinder gestures at you.
You shrug off the repeated paralysis!
Unknown command.
Unknown command.
Throw: javelin
Aim: Grinder, carrying a wand of flame (7) (severely wounded, 57% to hit)
You throw a javelin. The javelin barely misses Grinder.
Grinder gestures at you. Pain shoots through your body!
* * * LOW HITPOINT WARNING * * *
Unknown command.
Really fire
d - 2 throwing nets {!f}? [Y]es or [N]o only, please.
Really fire
d - 2 throwing nets {!f}?
Throw: 2 throwing nets {!f}
Aim: Grinder, carrying a wand of flame (7) (severely wounded, 57% to hit)
You throw a throwing net {!f}. The throwing net {!f} hits Grinder.
Grinder is caught in the net!
Grinder gestures at you.
You barely resist.
Grinder struggles against the net.
You strike the helpless Grinder from behind!
You hit Grinder. You hit Grinder but do no damage. Grinder gestures at you.
Pain shoots through your body!
You die...

#.# #.# #.#
#.# #.# #.#
#.#
..#####+##'##
#....(5@....#
#...........#
#.([........#
#(..........#
#.#######..##
# #..##+#####
##........#
#........#
#........#


You could see Grinder (caught).

Vanquished Creatures
  An orc priest (D:3)
  3 adders
  A river rat (D:3)
  An adder skeleton (D:2)
  3 worms
  A dart slug (D:1)
  10 orcs
  6 bats
  A bat skeleton (D:2)
  A bat zombie (D:2)
  9 endoplasms
  5 giant cockroaches
  2 goblins
  6 hobgoblins
  5 jackals
  3 kobolds
  4 quokkas
  3 ball pythons
  A ball python skeleton (D:2)
  2 ball python zombies (D:2)
  6 frilled lizards
  6 rats
80 creatures vanquished.

Notes
Turn   | Place    | Note
-------+----------+-------------------------------------------
     0 | D:1      | Brandom the Human Hunter began the quest for the Orb.
     0 | D:1      | Reached XP level 1. HP: 16/16 MP: 1/1
   294 | D:1      | Reached XP level 2. HP: 19/22 MP: 2/2
   774 | D:1      | Reached XP level 3. HP: 14/28 MP: 3/3
  2066 | D:2      | Reached XP level 4. HP: 33/34 MP: 4/4
  2963 | D:2      | Found a faded altar of an unknown god.
  3761 | D:3      | Reached XP level 5. HP: 37/41 MP: 5/5
  4704 | D:3      | Reached skill level 5 in Throwing
  5258 | D:4      | Noticed Grinder
  5260 | D:4      | Paralysed by Grinder for 7 turns
  5273 | D:4      | Killed from afar by Grinder

Illustrated notes

Levels and vault maps discovered:
D:1:      dpeg_arrival_houses_and_road, layout_loops_ring
D:2:      minmay_recursive_quarters, layout_basic, serial_undead,
          serial_undead_d, serial_undead_d, serial_undead_c, serial_undead_e,
          hellmonk_ecumenical_altar_defaced_shrine, minmay_misc_feat_nine_boxes
D:3:      layout_basic, gup_sewer_entry_spiral
D:4:      layout_basic, palyth_stone_intersect, uniq_grinder

Skill      XL: |  1  2  3  4  5 |
---------------+----------------+-----
Dodging        | 3 |  3.5
Fighting       | 3 |  3.5
Throwing       | 5 |  5.0
Stealth        | |  1.0

Action                   |  1- 3 |  4- 6 || total
-------------------------+-------+-------++-------
Melee: Short sword       |   151 |   186 ||   337
Throw: Javelin           |     3 |    14 ||    17
       Throwing net      |       |     1 ||     1
  Use: Scroll            |       |     1 ||     1
       Potion            |       |     1 ||     1
 Stab: Sleeping          |       |     5 ||     5
       Held in net/web   |       |     1 ||     1
Armor: Leather armour    |    43 |    52 ||    95
Dodge: Dodged            |   109 |   127 ||   236
